 Dungeon Crawl Stone Soup version 0.30-a0-618-gd6c86c23d0 (webtiles) character file.

Game seed: 95650125192025516

2031 avis the Ducker (level 8, -7/68 HPs)
             Began as a Demigod Ice Elementalist on Jan 10, 2023.
             Mangled by a wyvern (11 damage)
             ... on level 7 of the Dungeon.
             The game lasted 00:49:09 (6530 turns).

avis the Ducker (Demigod Ice Elementalist)          Turns: 6530, Time: 00:49:10

Health: -7/68      AC:  2    Str: 15    XL:     8   Next: 73%
Magic:  14/15      EV: 16    Int: 17    God:
Gold:   292        SH:  0    Dex: 22    Spells: 4/13 levels left

rFire   x . .      SeeInvis .    a - +8 dagger of Midsummer {heavy, rC++ Str+6}
rCold   + + +      Faith    .    (no shield)
rNeg    . . .      Spirit   .    n - +0 robe
rPois   +          Reflect  .    (no helmet)
rElec   .          Harm     .    (no cloak)
rCorr   .          Rampage  .    (no gloves)
Will    .....                    (no boots)
Stlth   ++                       f - amulet of magic regeneration
HPRegen 0.31/turn                j - ring of ice
MPRegen 0.54/turn                k - ring of poison resistance

@: very slightly contaminated
A: high MP 1, forlorn, divine attributes
a: no special abilities


You were on level 7 of the Dungeon.
You visited 2 branches of the dungeon, and saw 8 of its levels.
You also visited: Sewer.

You collected 292 gold pieces.

Inventory:

Hand Weapons
 a - the +8 dagger of Midsummer (weapon) {heavy, rC++ Str+6}
   (You found it on level 3 of the Dungeon)

   Str:       It affects your strength (+6).
   rC:        It greatly protects you from cold.
 b - a +0 longbow
Missiles
 r - 2 poisoned darts
Armour
 n - a +0 robe (worn)
Jewellery
 f - an amulet of magic regeneration (around neck)
 j - a ring of ice (left hand)
 k - a ring of poison resistance (right hand)
Wands
 y - a wand of digging (6)
 B - a wand of flame (13)
Scrolls
 e - a scroll of magic mapping
 h - 5 scrolls of teleportation {unknown}
 w - a scroll of blinking
 x - a scroll of fog
 z - a scroll of silence {unknown}
Potions
 d - 6 potions of curing
 l - 2 potions of resistance
 p - a potion of magic
 q - a potion of cancellation {unknown}
 u - 3 potions of mutation {unknown}
 C - a potion of brilliance {unknown}
 D - 2 potions of flight {unknown}


   Skills:
 - Level 5.0 Fighting
 * Level 5.5 Short Blades
 - Level 2.0 Ranged Weapons
 - Level 6.0 Dodging
 - Level 2.0 Stealth
 - Level 3.0 Spellcasting
 - Level 5.0 Ice Magic


You had 4 spell levels left.
You knew the following spells:

 Your Spells              Type           Power      Damage    Failure   Level
a - Freeze                Ice            100%       1d10      2%          1
b - Blink                 Tloc           4%         N/A       26%         2
o - Ozocubu's Armour      Ice            29%        N/A       7%          3
r - Frozen Ramparts       Ice            58%        1d9       7%          3

Your spell library contained the following spells:

 Spells                   Type           Power      Damage    Failure   Level
 Ensorcelled Hibernation  Hex/Ice        32%        N/A       10%         2
 Spider Form              Tmut/Pois      2%         N/A       45%         3
 Summon Ice Beast         Ice/Summ       16%        N/A       52%         4
 Anguish                  Hex/Necr       1%         N/A       86%         4
 Manifold Assault         Tloc           2%         N/A       86%         4
 Storm Form               Tmut/Air       1%         N/A       100%        7


Dungeon Overview and Level Annotations

Branches:
Dungeon (7/15)             Temple (1/1) D:4           Sewer (visited)

Shops:
D:1 :

Portals:
Abyss: D:6

Annotations:
D:6 2 transporters, IdlyInterested's ghost, novice DsBe


Innate Abilities, Weirdness & Mutations

You have an increased reservoir of magic. (+10% MP)
You shall have no god before yourself.
Your divine heritage dramatically boosts your attributes as you level up.


Message History

The steam dragon is severely wounded.
You are engulfed in a cloud of scalding steam.
Your icy armour melts away.
The frozen ramparts melt away.
You feel stronger.
a - the +8 dagger of Midsummer (weapon)
{heavy, rC++ Str+6} You are engulfed in a cloud of scalding steam.
The steam dragon bites you! The steam dragon claws you.
* * * LOW HITPOINT WARNING * * *
You puncture the steam dragon!
You kill the steam dragon!
The steam dragon scales are intact enough to wear.
You are engulfed in a cloud of scalding steam.
* * * LOW HITPOINT WARNING * * *
The wyvern misses you.
You feel much better.
You are engulfed in a cloud of scalding steam.
* * * LOW HITPOINT WARNING * * *
The wyvern hisses menacingly.
The wyvern bites you!
* * * LOW HITPOINT WARNING * * *
Casting: Frozen Ramparts (dangerous; 7% risk of failure)
Confirm with . or Enter, or press ? or * to list all spells.
You feel a surge of power!
You miscast Ozocubu's Armour.
You are very lightly contaminated with residual magic.
Nothing appears to happen.
The wyvern is engulfed in a cloud of scalding steam.
The wyvern closely misses you.
The wyvern is engulfed in a cloud of scalding steam.
The wyvern closely misses you.
You feel better. The wyvern closely misses you.
You closely miss the wyvern.
The wyvern is moderately wounded.
The wyvern bites you!
* * * LOW HITPOINT WARNING * * *
The wyvern misses you.
You feel better. The wyvern bites you!
* * * LOW HITPOINT WARNING * * *
The wyvern bites you!
You die...

########
#......#
#......##
#>......
#....(.###
###........
.........####
#.#<....#
#..l@...#
#########


You could see a wyvern.

Vanquished Creatures
  A steam dragon (D:7)
  A black bear (D:7)
  5 ogres
  3 phantoms (D:5)
  A necrophage (D:5)
  5 scorpions
  2 bullfrogs (Sewer)
  2 hounds
  3 jellies
  An orc priest (D:4)
  4 iguanas
  4 orc wizards
  3 gnolls (D:4)
  13 adders
  4 river rats (D:5)
  An ufetubus (D:5)
  4 worms
  A dart slug (D:5)
  11 orcs
  3 ball pythons
  2 endoplasms
  13 giant cockroaches
  12 goblins
  6 hobgoblins
  3 jackals (D:1)
  4 quokkas
  3 bats
  31 frilled lizards
  5 kobolds
  7 rats
158 creatures vanquished.

Vanquished Creatures (others)
  5 plants (D:3)
5 creatures vanquished.

Grand Total: 163 creatures vanquished

Notes
Turn   | Place    | Note
-------+----------+-------------------------------------------
     0 | D:1      | avis the Demigod Ice Elementalist began the quest for the
                  | Orb.
     0 | D:1      | Reached XP level 1. HP: 14/14 MP: 5/5
   333 | D:1      | Reached XP level 2. HP: 17/20 MP: 0/7
   580 | D:1      | Found Ygitti's Book Boutique.
  1138 | D:2      | Reached XP level 3. HP: 26/26 MP: 6/9
  1142 | D:2      | Learned a level 3 spell: Frozen Ramparts
  1146 | D:2      | Learned a level 3 spell: Ozocubu's Armour
  2106 | D:3      | Reached XP level 4. HP: 33/33 MP: 5/10
  2109 | D:3      | Reached skill level 5 in Ice Magic
  2280 | D:3      | Reached skill level 1 in Fighting
  2787 | D:3      | Reached XP level 5. HP: 40/40 MP: 7/12
  2858 | D:3      | You fall into a shaft and drop 2 floors!
  2858 | D:5      | Entered Level 5 of the Dungeon
  2866 | D:5      | Reached skill level 2 in Dodging
  2973 | D:5      | Reached skill level 1 in Ranged Weapons
  2973 | D:5      | Reached XP level 6. HP: 13/51 MP: 7/13
  3025 | D:5      | Reached skill level 3 in Dodging
  3041 | D:5      | Found a glowing drain.
  3046 | Sewer    | Entered a sewer
  3473 | Sewer    | Reached skill level 4 in Dodging
  3473 | Sewer    | Reached XP level 7. HP: 39/57 MP: 5/14
  3830 | D:4      | Found a staircase to the Ecumenical Temple.
  3842 | Temple   | Entered the Ecumenical Temple
  4125 | D:3      | Identified the +8 dagger of Midsummer {heavy, rC++ Str+6}
  4570 | D:4      | Reached skill level 1 in Short Blades
  5101 | D:4      | Learned a level 2 spell: Blink
  5416 | D:5      | Reached XP level 8. HP: 66/66 MP: 15/15
  5452 | D:5      | Reached skill level 5 in Dodging
  5736 | D:6      | Reached skill level 6 in Dodging
  5838 | D:6      | Reached skill level 5 in Fighting
  6013 | D:6      | Found a transporter.
  6021 | D:6      | Found a transporter.
  6023 | D:6      | Found a one-way gate to the infinite horrors of the Abyss.
  6023 | D:6      | Noticed IdlyInterested's ghost (novice DsBe)
  6027 | D:6      | Noticed a brown ugly thing
  6521 | D:7      | Reached skill level 5 in Short Blades
  6530 | D:7      | Mangled by a wyvern

Illustrated notes

Levels and vault maps discovered:
D:1:      mrwooster_arrival_arrow, layout_rooms, serial_shops, shop,
          minmay_misc_feat_tiny, hangedman_glass_teeth
D:2:      layout_basic, hex_large, kennysheep_nondescript, bh_walls_and_bars
D:3:      layout_loops_corners, kennysheep_another_room,
          small_statue_intersection, minmay_lizard_king
D:4:      layout_loops_ring, nicolae_dithmenos_shadow_blocks,
          minmay_temple_entry_slanted, nicolae_figureground_sparkle
D:5:      layout_rooms, lightli_sewer_entry_pipes
D:6:      layout_loops_ring, good_gods_mini_temple, cheibriados_altar_1,
          vehumet_altar_wand_db, gammafunk_temple_overflow_pools,
          nemelex_spade_bored_becter, gammafunk_ghost_abyssal_escape
D:7:      layout_basic, okawaru_humans
Temple:   jpeg_temple_island

Skill      XL: |  1  2  3  4  5  6  7  8 |
---------------+-------------------------+-----
Ice Magic      | 4 5 |  5.0
Spellcasting   | 2 3 |  3.0
Fighting       | 1 3 4 5 |  5.0
Dodging        | 2 4 6 |  6.0
Stealth        | 2 |  2.0
Ranged Weapons | 1 2 |  2.0
Short Blades   | 4 5 |  5.5

Action                   |  1- 3 |  4- 6 |  7- 9 || total
-------------------------+-------+-------+-------++-------
Melee: Unarmed           |     2 |       |       ||     2
       Dagger            |       |       |    46 ||    46
 Fire: Sling             |    11 |   143 |       ||   154
       Longbow           |       |       |    68 ||    68
 Cast: Freeze            |    46 |    14 |     1 ||    61
       Frozen Ramparts   |     3 |    19 |    22 ||    44
       Ozocubu's Armour  |     1 |    14 |    18 ||    33
  Use: Scroll            |       |     6 |     2 ||     8
       Potion            |       |       |     3 ||     3
 Stab: Sleeping          |       |       |     3 ||     3
Armor: Robe              |     5 |    23 |    11 ||    39
Dodge: Dodged            |    16 |    34 |    49 ||    99

Table legend: (Time is in decaauts)
 A = Elapsed time spent in this place.
 B = Non-inter-level travel time spent in this place.
 C = Inter-level travel time spent in this place.
 D = Time resting spent in this place.
 E = Time spent auto-exploring this place.
 F = Levels seen in this place.
 G = Mean time per level.
                   A        B        C        D        E       F      G
               +--------+--------+--------+--------+--------+-----+--------+
         Total |   6723 |   6205 |    518 |   1197 |   3147 |   9 |  747.0 |
       Dungeon |   5936 |   5419 |    517 |    955 |   3042 |   7 |  848.0 |
        Temple |     22 |     21 |      1 |      0 |      0 |   1 |   22.0 |
         Sewer |    763 |    763 |      0 |    242 |    105 |   1 |  763.0 |
               +--------+--------+--------+--------+--------+-----+--------+

Top non-repeatable levels by time:
     D:2: 1234 daAuts
     D:3: 1170 daAuts
     D:4: 946 daAuts
     D:1: 929 daAuts
     D:6: 839 daAuts
     D:5: 796 daAuts
   Sewer: 763 daAuts
  Temple: 22 daAuts
     D:7: 19 daAuts
